 Dungeon Crawl Stone Soup version 0.29.0-11-gd7f09526c8 (webtiles) character file.

Game seed: 13754178265781208095

187 LabCoat the Chopper (level 5, -4/47 HPs)
             Began as a Hill Orc Fighter on Sept 6, 2022.
             Slain by a gnoll bouda
             ... wielding a +0 whip
              (6 damage)
             ... on level 3 of the Dungeon.
             The game lasted 00:06:47 (2922 turns).

LabCoat the Chopper (Hill Orc Fighter)              Turns: 2922, Time: 00:06:48

Health: -4/47      AC: 11    Str: 21    XL:     5   Next: 66%
Magic:  5/5        EV:  7    Int:  8    God:
Gold:   133        SH:  4    Dex: 10    Spells: 4/4 levels left

rFire   + . .      SeeInvis .   a - +1 war axe
rCold   x . .      Faith    .   c - +0 buckler
rNeg    . . .      Spirit   .   n - +0 chain mail
rPois   .          Reflect  .   (no helmet)
rElec   .          Harm     .   j - scarf {+Inv}
rCorr   .          Rampage  .   g - +0 pair of gloves
Will    .....                   h - +0 pair of boots
Stlth   ..........              (no amulet)
HPRegen 0.15/turn               l - ring of fire
MPRegen 0.09/turn               (no ring)

@: mighty
A: no striking features
a: Evoke Invisibility


You were on level 3 of the Dungeon.
You visited 1 branch of the dungeon, and saw 4 of its levels.

You collected 133 gold pieces.

Inventory:

Hand Weapons
 a - a +1 war axe (weapon)
 b - a +0 vorpal flail
 r - a +0 club
Missiles
 s - 7 boomerangs (quivered)
Armour
 c - a +0 buckler (worn)
 g - a +0 pair of gloves (worn)
 h - a +0 pair of boots (worn)
 j - a scarf of invisibility (worn)
 n - a +0 chain mail (worn)
Jewellery
 l - a ring of fire (left hand)
Wands
 q - a wand of mindburst (19)
Scrolls
 u - a scroll of magic mapping
 x - a scroll of silence {unknown}
Potions
 e - a potion of flight
 i - a potion of magic {unknown}
 k - 2 potions of lignification
 m - 2 potions of curing {unknown}
 o - a potion of berserk rage {unknown}
 p - 2 potions of heal wounds {unknown}
 t - a potion of attraction {unknown}
 v - a potion of haste {unknown}
 w - 3 potions of cancellation {unknown}


   Skills:
 + Level 4.3 Fighting
 + Level 5.0 Axes
 + Level 1.9 Throwing
 + Level 4.3 Armour
 + Level 0.1 Dodging
 + Level 3.5 Shields


You had 4 spell levels left.
You didn't know any spells.
Your spell library contained the following spells:

 Spells                   Type           Power      Damage    Failure   Level
 Sublimation of Blood     Necr           0%         N/A       100%        2
 Wereblood                Tmut           0%         N/A       100%        2
 Summon Hydra             Summ           0%         N/A       100%        7


Dungeon Overview and Level Annotations

Branches:
Dungeon (4/15)
 Temple: D:4-7

Altars:


Message History

The gnoll bouda is moderately wounded.
The gnoll is no longer moving quickly. x2
The gnoll bouda barks out a call to the hunt!
The gnolls pick up the pace!
You block the gnoll's attack. x2
The gnoll bouda hits you with a +0 whip.
* * * LOW HITPOINT WARNING * * *
The gnoll hits you but does no damage.
You barely miss the gnoll bouda.
The gnoll bouda is moderately wounded.
The gnoll hits you but does no damage. You block the gnoll bouda's attack.
The gnoll closely misses you.
You open the door.
Your attacks no longer feel as feeble.
The gnoll hits you from afar with a +0 spear.
* * * LOW HITPOINT WARNING * * *
The gnoll bouda closely misses you.
There is an open door here.
The gnoll bouda attacks as you move away!
The gnoll bouda misses you.
The gnoll bouda attacks as you move away!
The gnoll bouda hits you but does no damage.
There is a stone staircase leading up here.
The gnoll hits you but does no damage. You block the gnoll bouda's attack.
You climb upwards.
There is a stone staircase leading down here.
You barely miss the gnoll bouda.
The gnoll bouda is moderately wounded.
The gnoll bouda hits you with a +0 whip.
* * * LOW HITPOINT WARNING * * *
You slash the gnoll bouda!
The gnoll bouda is almost dead.
The gnoll bouda hits you with a +0 whip.
* * * LOW HITPOINT WARNING * * *
You barely miss the gnoll bouda.
The gnoll bouda is almost dead.
The gnoll bouda mumbles some strange prayers to its god.
The gnoll bouda is healed somewhat.
The gnoll bouda hits you with a +0 whip.
You die...

##########....###....#
...............##....#
...#####...#...###.###
.#####...###...# #.#
.......### #...# #.#
.......# #...###.#
.......# #.....#.#
.......# #..##...#
.......# #.###@.##
######## #.##g.##
#.##...# #.##.#.#
#.##.#.# #### #.##.#.#
...# #.#..#.# ...#####
#...##.#####
.......#####..###.....#


You could see a gnoll bouda.

Vanquished Creatures
  A hound (D:4)
  An orc priest (D:4)
  An orc wizard (D:4)
  A gnoll (D:4)
  3 adders
  A worm (D:2)
  A dart slug (D:2)
  6 orcs
  3 bats
  6 endoplasms
  4 goblins
  5 hobgoblins
  2 jackals (D:1)
  3 quokkas
  6 ball pythons
  5 frilled lizards
  4 kobolds
  4 rats
57 creatures vanquished.

Notes
Turn   | Place    | Note
-------+----------+-------------------------------------------
     0 | D:1      | LabCoat the Hill Orc Fighter began the quest for the Orb.
     0 | D:1      | Reached XP level 1. HP: 19/19 MP: 1/1
    23 | D:1      | Found a faded altar of an unknown god.
   169 | D:1      | Reached skill level 3 in Axes
   173 | D:1      | Reached XP level 2. HP: 25/27 MP: 2/2
   779 | D:1      | Reached XP level 3. HP: 33/33 MP: 3/3
  1923 | D:3      | Reached XP level 4. HP: 16/40 MP: 4/4
  2289 | D:3      | Reached skill level 4 in Axes
  2697 | D:4      | Reached XP level 5. HP: 41/47 MP: 5/5
  2756 | D:4      | Reached skill level 5 in Axes
  2883 | D:4      | Reached skill level 1 in Throwing
  2921 | D:3      | HP: 2/47 [gnoll bouda/+0 whip (5)]
  2922 | D:3      | Slain by a gnoll bouda

Illustrated notes

Levels and vault maps discovered:
D:1:      minmay_arrival_nine_rooms, layout_basic,
          shapermc_ecumenical_altar_venn
D:2:      layout_rooms
D:3:      wander_river, layout_rooms
D:4:      layout_basic, mainiacjoe_overflow_tiny_flanked,
          hangedman_abyss_or_decor_stagger

Skill      XL: |  1  2  3  4  5 |
---------------+----------------+-----
Axes           | 3 4 5 |  5.0
Fighting       | 4 |  4.3
Armour         | 4 |  4.3
Throwing       | 1 |  1.9
Dodging        | |  0.1
Shields        | |  3.5

Action                   |  1- 3 |  4- 6 || total
-------------------------+-------+-------++-------
Melee: War axe           |    87 |    52 ||   139
Throw: Dart              |     6 |    35 ||    41
       Boomerang         |       |     1 ||     1
  Use: Scroll            |     8 |     1 ||     9
       Potion            |       |     1 ||     1
Armor: Scale mail        |    38 |       ||    38
       Chain mail        |    10 |    32 ||    42
Dodge: Dodged            |    31 |    20 ||    51
Block: Buckler           |    20 |    14 ||    34
